 Dungeon Crawl Stone Soup version 0.31-b1-20-g67cafac56d (webtiles) character file.

Game seed: 15721403791782396243

603 BigPumpCobain the Cudgeller (level 7, -4/67 HPs)
             Began as a Troll Berserker on Jan 17, 2024.
             Was a Priest of Trog.
             Slain by a scorpion (5 damage)
             ... on level 4 of the Dungeon.
             The game lasted 00:06:09 (2867 turns).

BigPumpCobain the Cudgeller (Troll Berserker)       Turns: 2867, Time: 00:06:09

Health: -4/67      AC:  4    Str: 28    XL:     7   Next: 18%
Magic:  6/6        EV: 10    Int:  3    God:    Trog [***...]
Gold:   189        SH:  5    Dex: 11    Spells: 6/6 levels left

rFire   + . .        m - +1 flail (drain)
rCold   . . .        (no shield)
rNeg    . . .        b - +0 animal skin
rPois   .            (helmet restricted)
rElec   .            (no cloak)
rCorr   .            (gloves unavailable)
SInv    .            (boots unavailable)
Will    ++...        h - amulet "Jastro" {Reflect rF+ Dex+2 SH+5}
Stlth   +            (no ring)
HPRegen 2.11/turn    (no ring)
MPRegen 0.10/turn

%: reflection
@: strong-willed, on berserk cooldown, regenerating, slowed, very slow
A: large, unfitting armour, claws 3, regeneration 1, shaggy fur 1, tough skin 1
a: Renounce Religion, Berserk, Trog's Hand


You were on level 4 of the Dungeon.
You worshipped Trog.
Trog was most pleased with you.
You visited 1 branch of the dungeon, and saw 4 of its levels.
You also visited: Sewer.

You collected 189 gold pieces.

Inventory:

Hand Weapons
 m - a +1 flail of draining (weapon)
 s - a +6 club
Missiles
 j - a boomerang (quivered)
Armour
 b - a +0 animal skin (worn)
Jewellery
 h - the amulet "Jastro" (around neck) {Reflect rF+ Dex+2 SH+5}
   (You found it on level 2 of the Dungeon)

   [amulet of reflection]

   Reflect:   It reflects blocked missile attacks.
   Dex+2:     It affects your dexterity (+2).
   rF+:       It protects you from fire.
   SH+5:      It affects your SH (+5).
Wands
 k - a wand of polymorph (5)
 p - a wand of charming (6)
Scrolls
 c - 3 scrolls of identify
 d - 3 scrolls of teleportation
 f - a scroll of silence
 i - a scroll of summoning
 q - 2 scrolls of fog
 r - 2 scrolls of fear
 t - a scroll of amnesia {unknown}
Potions
 a - 3 potions of invisibility {unknown}
 e - 3 potions of curing {unknown}
 g - 4 potions of haste
 l - 2 potions of heal wounds {unknown}
 n - a potion of mutation {unknown}
 o - a potion of berserk rage {unknown}


   Skills:
 + Level 3.2 Fighting
 * Level 6.0 Maces & Flails
 + Level 2.4 Throwing
 + Level 3.5 Dodging


You had 6 spell levels left.
You didn't know any spells.
Your spell library was empty.

Dungeon Overview and Level Annotations

Branches:
Dungeon (4/15)              Sewer (visited)
 Temple: D:4-7

Altars:
Elyvilon
Ru


Innate Abilities, Weirdness & Mutations

You are too large for most types of armour.
You have claws for hands.
Your natural rate of healing is unusually fast.
You are covered in fur. (AC +1)
You have tough skin. (AC +1)


Message History

You hit the lemure but do no damage.
The lemure is almost dead.
The liquid fire burns you! The lemure hits you but does no damage.
The lemure closely misses you.
You closely miss the lemure.
The lemure is almost dead.
The liquid fire burns you! The lemure hits you but does no damage.
You barely miss the lemure.
The lemure is almost dead.
The liquid fire burns you! The lemure hits you.
* * * LOW HITPOINT WARNING * * *
The lemure hits you.
* * * LOW HITPOINT WARNING * * *
The lemure closely misses you.
There is an open door here.
You hit the lemure but do no damage.
The lemure is almost dead.
You block the lemure's attack. The lemure hits you.
* * * LOW HITPOINT WARNING * * *
The scorpion stings you.
* * * LOW HITPOINT WARNING * * *
You barely miss the lemure.
The lemure is almost dead.
The scorpion closely misses you. The lemure hits you.
* * * LOW HITPOINT WARNING * * *
You block the scorpion's attack. The lemure hits you.
* * * LOW HITPOINT WARNING * * *
Your skin crawls.
You feel strong-willed. The scorpion misses you. The lemure closely misses you.
The scorpion stings you but does no damage.
You barely miss the scorpion. You block the scorpion's attack.
The lemure hits you!
* * * LOW HITPOINT WARNING * * *
The lemure hits you.
* * * LOW HITPOINT WARNING * * *
The scorpion stings you.
You die...

####...#### ##'##
#...# ##...##
###...#### ##.....##
#........###.....†.#
##.##...#.##........#
...........+........##
##.#....#..#..)......#
....(...#..##.......##
#.#.#......###..@..##
........## ##.5s##
..⌠....## ##'##
.......# #.# ..⌠...##
#.# ........ #.#
#.#.#.## #.......?.
......# #.....#####
####.. ##....#


You could see a lemure and a scorpion.

Vanquished Creatures
  2 lemures (D:4)
  4 kobold brigands (Sewer)
  A scorpion (D:4)
  A bombardier beetle (D:4)
  Jessica (D:3)
  Ijyb (D:3)
  Natasha (D:3)
  6 adders
  4 river rats (Sewer)
  A dart slug (D:2)
  6 ribbon worms
  6 orcs (D:4)
  7 endoplasms
  3 giant cockroaches (D:2)
  3 goblins
  5 hobgoblins
  6 jackals
  9 kobolds
  3 quokkas
  12 ball pythons
  7 bats
  5 frilled lizards
  5 rats
99 creatures vanquished.

Notes
Turn   | Place    | Note
-------+----------+-------------------------------------------
     0 | D:1      | BigPumpCobain the Troll Berserker began the quest for the
                  | Orb.
     0 | D:1      | Reached XP level 1. HP: 22/22 MP: 0/0
   114 | D:1      | Reached skill level 3 in Maces & Flails
   129 | D:1      | Reached XP level 2. HP: 29/29 MP: 1/1
   539 | D:2      | Identified the amulet "Jastro" {Reflect rF+ Dex+2 SH+5}
   643 | D:2      | Reached XP level 3. HP: 36/36 MP: 2/2
   818 | D:2      | Reached ** piety under Trog
  1214 | D:3      | Noticed Ijyb
  1219 | D:3      | Killed Ijyb
  1220 | D:3      | Reached XP level 4. HP: 44/44 MP: 3/3
  1263 | D:3      | Found a faded altar of an unknown god.
  1513 | D:3      | Noticed Jessica
  1544 | D:3      | Killed Jessica
  1545 | D:3      | Reached skill level 4 in Maces & Flails
  1592 | D:3      | Found a sacrificial altar of Ru.
  1625 | D:3      | Found a glowing drain.
  1642 | D:3      | Reached skill level 1 in Throwing
  1655 | Sewer    | Entered a sewer
  1759 | Sewer    | Reached XP level 5. HP: 52/52 MP: 4/4
  1919 | Sewer    | Reached skill level 5 in Maces & Flails
  2056 | Sewer    | Reached XP level 6. HP: 58/61 MP: 5/5
  2094 | Sewer    | Reached *** piety under Trog
  2357 | D:3      | Noticed Natasha
  2366 | D:3      | Killed Natasha
  2748 | D:4      | Found a white marble altar of Elyvilon.
  2779 | D:4      | Reached XP level 7. HP: 66/67 MP: 6/6
  2846 | D:4      | Reached skill level 6 in Maces & Flails
  2867 | D:4      | HP: 1/67 [lemure[Pikel] (5)]
  2867 | D:4      | Slain by a scorpion

Illustrated notes

Levels and vault maps discovered:
D:1:      dpeg_arrival_refuge, layout_basic, columned_hall_lemuel,
          bh_walls_and_bars
D:2:      layout_basic
D:3:      layout_loops_ring, mainiacjoe_overflow_chevrons,
          cheibrodos_sewer_entry_bend, shapermc_ecumenical_altar_starsandcircs,
          uniq_jessica, uniq_natasha, uniq_ijyb
D:4:      layout_loops_corners, zin_scriptorium, elyvilon_altar_5,
          ebering_ghost_sewer_f, uniq_pikel, uniq_crazy_yiuf_cottage

Skill      XL: |  1  2  3  4  5  6  7 |
---------------+----------------------+-----
Maces & Flails | 3 4 5 6 |  6.0
Throwing       | 1 2 |  2.4
Dodging        | 3 |  3.5
Fighting       | 3 |  3.2

Action                     |  1- 3 |  4- 6 |  7- 9 || total
---------------------------+-------+-------+-------++-------
  Melee: Mace              |    66 |       |       ||    66
         Flail             |    33 |   132 |    27 ||   192
  Throw: Boomerang         |    19 |    54 |     4 ||    77
 Invoke: Berserk           |     1 |     1 |     1 ||     3
         Trog's Hand       |       |       |     1 ||     1
    Use: Scroll            |       |     6 |       ||     6
 Armour: Animal skin       |    65 |    79 |    19 ||   163
  Dodge: Dodged            |    62 |    60 |    14 ||   136
  Block: Other             |    12 |    18 |     5 ||    35
         Reflection        |       |     1 |       ||     1
